 Dungeon Crawl Stone Soup version 0.14-a0-2950-gbe29d66 (webtiles) character file.

496 Quh the Shooter (level 6, -3/43 HPs)
             Began as a Demonspawn Hunter on Mar 4, 2014.
             Was a Follower of Trog.
             Slain by a scorpion (8 damage)
             ... on Level 4 of the Dungeon.
             The game lasted 00:28:31 (4787 turns).

Quh the Shooter (Demonspawn Hunter)                 Turns: 4787, Time: 00:28:31

HP  -3/43        AC  2     Str 10      XL: 6   Next:  7%
MP   6/6         EV 11     Int 14      God: Trog [*.....]
Gold 212         SH  0     Dex 20      Spells:  0 memorised,  5 levels left

rFire  x . .     SeeInvis .     b - +1 bow
rCold  + . .     Clarity  .     g - +0 leather armour (curse)
rNeg   . . .     Conserve .     (no shield)
rPois  .         rCorr    .     (helmet restricted)
rElec  .         rRot     .     r - -2 cloak (curse)
SustAb . .       Spirit   .     (no gloves)
rMut   .         Warding  .     (no boots)
Saprov . . .     Stasis   .     (no amulet)
MR     .....                    t - ring of flight
                                h - ring of ice

@: confused, mildly poisoned, not resistant to hostile enchantments, fairly
stealthy
A: antennae 1, thin skeletal structure 3
a: Burn Spellbooks, Berserk, Renounce Religion, Evoke Flight


You were on level 4 of the Dungeon.
You worshipped Trog.
Trog was aware of your devotion.
You were not hungry.

You visited 1 branch of the dungeon, and saw 4 of its levels.

You collected 212 gold pieces.

Inventory:

Hand weapons
 a - a +0,+0 short sword
 b - a +1,+1 bow (weapon)
 q - a +2,+4 quarterstaff of chaos
 u - a +0,+1 spear
 z - a +2,+0 vampiric short sword
Missiles
 c - 44 arrows (quivered)
 B - 4 silver tomahawks
Armour
 g - a cursed +0 leather armour (worn)
 k - a +0 elven ring mail
 r - a cursed -2 cloak (worn)
 A - a +0 orcish leather armour
Magical devices
 p - a wand of digging (7) {unknown}
 s - a wand of confusion (1)
 C - a wand of fire (7) {unknown}
Comestibles
 f - 3 bread rations
 l - an apple
 n - 3 chokos
 x - a pear
 E - a chunk of bat flesh
Scrolls
 e - a scroll of enchant weapon I {unknown}
 i - 2 scrolls of teleportation
 j - a scroll of enchant armour {unknown}
 y - a scroll of amnesia {unknown}
Jewellery
 h - a ring of ice (left hand)
 t - a ring of flight (right hand)
 D - an uncursed ring of magical power {unknown}
Potions
 d - 3 potions of restore abilities
 o - 2 potions of agility
 v - a potion of lignification {unknown}


   Skills:
 - Level 1.0 Fighting
 * Level 6.7 Bows
 - Level 1.7 Dodging
 - Level 0.8 Stealth


You had 5 spell levels left.
You didn't know any spells.

Dungeon Overview and Level Annotations

Branches:
Dungeon (4/16)
 Temple: D:4-7

Altars:
Sif Muna
Trog
Zin


Innate Abilities, Weirdness & Mutations

You have a pair of small antennae on your head.
You have an unnaturally thin skeletal structure (Dex +6, Str -2, Stlth).


Message History

Firing (i - inventory. (,) - cycle):
c - 47 arrows (quivered)
Press: ? - help, Shift-Dir - straight line, f/p - scorpion
Aim: a scorpion (heavily wounded)
You shoot an arrow. The arrow hits the scorpion.
The scorpion is severely wounded.
The scorpion stings you!
* * * LOW HITPOINT WARNING * * *
Firing (i - inventory. (,) - cycle):
c - 46 arrows (quivered)
Press: ? - help, Shift-Dir - straight line, f/p - scorpion
Aim: a scorpion (severely wounded)
You shoot an arrow. The arrow misses the scorpion.
Drink which item? (? for menu, Esc to quit)
You are confused.
It was a potion of confusion.
The scorpion stings you.
* * * LOW HITPOINT WARNING * * *
Firing (i - inventory. (,) - cycle):
c - 45 arrows (quivered)
Press: ? - help, Shift-Dir - straight line, f/p - scorpion
Aim: a scorpion (severely wounded)
You shoot an arrow. The scorpion stings you!
You die...

..........# #.#
.########.# #.#
#......#.# #.#
#.####.#.######.#
#.............#
##.#.#.########
...#.#.# ###
#.#.############
..#..@s......(..
#.##############
###


You could see a scorpion.

Vanquished Creatures
  The ghost of Kae the Sneak, a weakling SpEn (D:3)
  Crazy Yiuf (D:2)
  An orc priest (D:3)
  An orc wizard (D:3)
  3 gnolls (D:3)
  An adder (D:2)
  An orc skeleton (D:3)
  2 worms
  A giant gecko (D:3)
  An ooze (D:3)
  8 orcs (D:3)
  5 giant cockroaches
  12 goblins
  16 hobgoblins
  4 jackals
  A ball python (D:3)
  10 bats
  5 giant newts
  11 kobolds
  7 rats
92 creatures vanquished.

Notes
Turn   | Place    | Note
--------------------------------------------------------------
     0 | D:1      | Quh, the Demonspawn Hunter, began the quest for the Orb.
     0 | D:1      | Reached XP level 1. HP: 15/15 MP: 1/1
   224 | D:1      | Reached skill level 4 in Bows
   233 | D:1      | Gained mutation: You have a pair of small antennae on your head. [demonic ancestry]
   233 | D:1      | Reached XP level 2. HP: 15/21 MP: 2/2
  1048 | D:1      | Reached XP level 3. HP: 17/26 MP: 3/3
  1693 | D:2      | Noticed Crazy Yiuf
  1697 | D:2      | Killed Crazy Yiuf
  1697 | D:2      | Reached skill level 5 in Bows
  1697 | D:2      | Gained mutation: You have a somewhat thin skeletal structure (Dex +2, Stlth). [demonic ancestry]
  1697 | D:2      | Reached XP level 4. HP: 32/32 MP: 4/4
  1823 | D:2      | Found a glowing silver altar of Zin.
  2184 | D:2      | Found a bloodstained altar of Trog.
  2235 | D:2      | Found a deep blue altar of Sif Muna.
  2374 | D:2      | Became a worshipper of Trog the Wrathful
  3246 | D:3      | Noticed Kae's ghost (weakling SpEn)
  3251 | D:3      | Killed Kae's ghost
  3251 | D:3      | Gained mutation: You have a moderately thin skeletal structure (Dex +4, Str -1, Stlth). [demonic ancestry]
  3251 | D:3      | Reached XP level 5. HP: 13/37 MP: 5/5
  3575 | D:3      | Reached skill level 6 in Bows
  3808 | D:3      | Acquired Trog's first power
  4546 | D:3      | Gained mutation: You have an unnaturally thin skeletal structure (Dex +6, Str -2, Stlth). [demonic ancestry]
  4546 | D:3      | Reached XP level 6. HP: 43/43 MP: 6/6
  4787 | D:4      | Slain by a scorpion

Action                   |  1- 3 |  4- 6 || total
-------------------------+-------+-------++-------
Melee: Short sword       |   129 |   146 ||   275
 Fire: Bow               |    15 |    90 ||   105
Throw: Tomahawk          |       |     3 ||     3
  Use: Scroll            |       |     4 ||     4
       Potion            |       |     1 ||     1
 Stab: Sleeping          |     1 |     3 ||     4
       Distracted        |       |     1 ||     1
